Map: Submarine LE

Players

CopyCat

  • Race: Terran Terran
  • Spawn Location: 11:00

A.I. 1 (Very Easy)

  • Race: Terran Terran
  • Spawn Location: 5:00

VOD

Have the link to the VOD?

Description

Time

  • Played on: Nov. 3, 2020, 3:24 p.m.
  • Length: 6:39
Show
View Real Time Build Order
Export as new Build Order

CopyCat Terran 

Build Orders: Reaper Expand 

Get SALT Encoding   

  12  0:00  SCV  
  13  0:12  SCV  
  14  0:17  Supply Depot  
  14  0:24  SCV  
  15  0:39  SCV  
  15  0:41  Barracks  
  16  0:46  Refinery  
  16  0:51  SCV  
  17  1:03  SCV  
  18  1:15  SCV  
  19  1:28  Reaper  
  19  1:29  Orbital Command  
  20  1:43  Command Center  
  20  1:51  Supply Depot  
  20  1:55  SCV  
  20  2:00  Marine  
  22  2:07  Factory  
  22  2:14  SCV  
  23  2:23  Barracks Reactor  
  23  2:26  SCV  
  24  2:38  SCV  
  24  2:41  Command Center  
  25  2:53  SCV  
  25  2:56  Orbital Command  
  26  3:00  Starport  
  26  3:05  SCV  
  27  3:08  Refinery  
  27  3:22  SCV x2  
  27  3:26  Hellion  
  33  3:28  Hellion  
  33  3:34  SCV  
  33  3:41  SCV  
  35  3:46  SCV  
  35  3:48  Hellion  
  38  3:49  Hellion  
  38  3:52  Viking  
  38  3:53  SCV  
  43  3:58  SCV, Orbital Command  
  43  4:01  Barracks Tech Lab  
  44  4:05  SCV  
  45  4:10  SCV  
  46  4:17  SCV  
  46  4:23  SCV  
  48  4:32  SCV  
  48  4:34  SCV  
  48  4:35  SCV  
  51  4:43  Siege Tank  
  51  4:44  SCV, Medivac x2  
  59  4:48  Barracks Reactor  
  59  4:55  Barracks x2, Orbital Command  
  59  4:56  Barracks  
  59  4:58  Refinery, SCV x2, Barracks  
  59  4:59  Refinery  
  61  5:14  Supply Depot x2  
  61  5:36  SCV x2, Medivac, Siege Tank  
  61  5:39  Medivac  
  70  5:44  Marine x2  
  70  5:45  Marine x3  
  70  5:48  SCV, Marine  
  77  5:56  SCV x2  
  77  6:24  SCV x12  
  77  6:36  Unknown  
Show
View Real Time Build Order
Export as new Build Order

A.I. 1 (Very Easy) Terran 

Build Orders:  

Get SALT Encoding   

  12  0:00  SCV  
  13  0:13  SCV  
  14  0:19  Supply Depot  
  14  0:37  Refinery  
  14  0:42  Barracks  
  14  1:04  Supply Depot  
  14  1:12  Refinery  
  14  1:29  SCV, Marine  
  16  1:41  SCV  
  17  1:53  SCV  
  18  2:03  Marine  
  18  2:05  SCV  
  20  2:17  SCV  
  21  2:29  SCV  
  22  2:36  Marine  
  23  2:42  Orbital Command  
  23  5:53  SCV, Marine  
  23  5:55  Supply Depot  
  23  5:57  Factory  
  22  6:05  SCV  
  20  6:17  SCV  
  18  6:24  SCV x12  
  12  6:36  Unknown  
Tags
 
Matchup
TvT
Race
Terran
Spawn Locations
Cross Positions
Add a new tag
Caveats
  • Supply blocks, unpowered buildings, or Contaminate may cause inaccurate times.
  • Supply counts are checked every 10 seconds.